 Dungeon Crawl Stone Soup version 0.26-a0-597-gb535b0901c (webtiles) character file.

Game seed: 10258075885121963646

3502 MrRokkomies the Destroyer (level 9, 0/73 HPs)
             Began as a Demigod Conjurer on Aug 27, 2020.
             Slain by an ogre
             ... wielding a +0 giant club
              (22 damage)
             ... on level 9 of the Dungeon.
             The game lasted 00:15:58 (10723 turns).

MrRokkomies the Destroyer (Demigod Conjurer)       Turns: 10723, Time: 00:15:58

Health: 0/73       AC:  6    Str: 16    XL:     9   Next: 51%
Magic:  19/19      EV: 16    Int: 28    God:
Gold:   437        SH:  0    Dex: 14    Spells: 3/17 levels left

rFire    + . .     SeeInvis .   a - +5 great sword
rCold    . . .     Faith    .   (shield currently unavailable)
rNeg     . . .     Spirit   .   x - +0 leather armour {MR+}
rPois    .         Reflect  .   C - +0 hat
rElec    .         Harm     .   q - +0 cloak
rCorr    .                      t - +1 pair of gloves
MR       +....                  (no boots)
Stlth    ++........             (no amulet)
HPRegen  0.22/turn              A - +6 ring of strength
MPRegen  0.16/turn              d - ring of protection from fire

@: no status effects
A: high mp 1
a: no special abilities


You were on level 9 of the Dungeon.
You visited 1 branch of the dungeon, and saw 9 of its levels.

You collected 591 gold pieces.
You spent 154 gold pieces at shops.

Inventory:

Hand Weapons
 a - a +5 great sword (weapon)
 w - a +2 spear of venom
Missiles
 n - 54 poisoned darts (quivered)
Armour
 q - a +0 cloak (worn)
 t - a +1 pair of gloves (worn)
 x - a +0 leather armour of magic resistance (worn)
 C - a +0 hat (worn)
Magical Staves
 b - an uncursed staff of conjuration
Jewellery
 d - a ring of protection from fire (right hand)
 f - an uncursed ring of protection from magic
 A - a +6 ring of strength (left hand)
 B - an uncursed ring of flight
 D - an uncursed ring of ice
Wands
 v - a wand of paralysis (10)
 F - a wand of acid (9)
Scrolls
 c - a scroll of enchant weapon
 k - a scroll of amnesia
 m - a scroll of blinking
 p - 5 scrolls of remove curse
 s - 6 scrolls of identify
 z - 2 scrolls of magic mapping
Potions
 e - 2 potions of mutation
 g - 3 potions of haste
 h - 3 potions of heal wounds
 i - a potion of lignification {unknown}
 j - 2 potions of ambrosia {unknown}
 l - 3 potions of stabbing {unknown}
 o - 6 potions of curing
 r - a potion of might {unknown}
 u - 4 potions of flight
 y - 2 potions of berserk rage
Miscellaneous
 G - a box of beasts (3/3)


   Skills:
 + Level 4.8 Fighting
 + Level 3.4 Long Blades
 * Level 7.4 Dodging
 - Level 1.7 Stealth
 + Level 4.8 Spellcasting
 * Level 8.0 Conjurations


You had 3 spell levels left.
You knew the following spells:

 Your Spells              Type           Power        Failure   Level
a - Magic Dart            Conj           ####         1%          1
b - Searing Ray           Conj           ######       1%          2
c - Dazzling Flash        Conj/Hex       ####..       4%          3
d - Iskenderun's Mystic   Conj/Tloc      ####....     16%         4
e - Fulminant Prism       Conj/Hex       ####......   16%         4

Your spell library contained the following spells:

 Spells                   Type           Power        Failure   Level
 Foxfire                  Conj/Fire      ####         1%          1
 Conjure Flame            Conj/Fire      ####....     4%          3
 Animate Skeleton         Necr           #.....       9%          1
 Pain                     Necr           #...         9%          1
 Inner Flame              Hex/Fire       #.......     26%         3
 Vampiric Draining        Necr           #.........   26%         3
 Sticky Flame             Conj/Fire      ####....     16%         4
 Fireball                 Conj/Fire      ####......   41%         5
 Animate Dead             Necr           #.........   63%         4
 Agony                    Necr           #.......     93%         5


Dungeon Overview and Level Annotations

Branches:
Dungeon (9/15)             Temple (0/1) D:5            Lair (0/6) D:9
    Orc: D:9-12

Shops:
D:5 }   D:6 !


Innate Abilities, Weirdness & Mutations

You have an increased reservoir of magic. (+10% MP)


Message History

The ogre misses you.
You hit the ogre.
The ogre is lightly wounded.
The ogre hits you with a +0 giant club!
You hit the ogre.
The ogre is moderately wounded.
The ogre misses you.
You slash the ogre!
The ogre is heavily wounded.
The ogre hits you with a +0 giant club! The ogre hits you with a +0 giant club.
You hit the ogre.
The ogre is heavily wounded.
The ogre hits you with a +0 giant club!!
* * * LOW HITPOINT WARNING * * *
You are too injured to fight recklessly!
You are too injured to fight recklessly!
You slash the ogre!
The ogre is almost dead.
The ogre hits you with a +0 giant club!!
You die...

# ## .##
..##
..###....
#..#...#
##.....#
##.O....#
##..@..#
#......#
#..##..##
.## #...
#$.# ...
... ##.##
#..# ..
#...# ..#
(.# #
#...##.#
#...
#...#..#
#...#
##......#
...#


You could see an ogre.

Vanquished Creatures
  A two-headed ogre (D:8)
  Menkaure (D:6)
  A sky beast (D:7)
  2 ice beasts
  2 phantoms
  6 ogres
  2 centaurs (D:7)
  3 bullfrogs
  2 scorpions
  4 wights (D:6)
  A howler monkey (D:8)
  A bullfrog zombie (D:8)
  A hound (D:6)
  2 jellies
  6 orc priests
  Crazy Yiuf (D:3)
  5 orc wizards
  A bullfrog skeleton (D:9)
  An iguana (D:6)
  Natasha (thrice) (D:2)
  A gnoll shaman (D:4)
  9 worker ants
  3 hound skeletons
  5 gnolls (D:4)
  8 adders
  A howler monkey skeleton (D:5)
  A shadow imp (D:9)
  2 white imps
  An adder skeleton (D:7)
  2 worms
  3 dart slugs
  5 leopard geckos
  8 orcs
  10 giant cockroaches
  5 goblins
  10 hobgoblins
  14 jackals
  6 kobolds
  3 quokkas
  4 ball pythons
  A ball python skeleton (D:5)
  9 bats
  7 frilled lizards
  A quokka skeleton (D:4)
  10 rats
175 creatures vanquished.

Notes
Turn   | Place    | Note
-------+----------+-------------------------------------------
     0 | D:1      | MrRokkomies the Demigod Conjurer began the quest for the
                  | Orb.
     0 | D:1      | Reached XP level 1. HP: 14/14 MP: 5/5
   877 | D:1      | Reached XP level 2. HP: 17/20 MP: 7/7
  1215 | D:1      | Learned a level 2 spell: Searing Ray
  1548 | D:1      | Reached skill level 4 in Conjurations
  1585 | D:2      | Noticed Natasha
  1734 | D:2      | Reached XP level 3. HP: 24/27 MP: 3/8
  1770 | D:2      | Killed Natasha
  1770 | D:2      | Reached skill level 1 in Fighting
  1971 | D:2      | Noticed Natasha
  1976 | D:2      | Killed Natasha
  1976 | D:2      | Reached XP level 4. HP: 33/35 MP: 5/10
  2109 | D:2      | Learned a level 3 spell: Dazzling Flash
  2128 | D:2      | Noticed Natasha
  2132 | D:2      | Killed Natasha
  2430 | D:2      | Found an opulent altar of Gozag.
  2437 | D:2      | Found a stormy altar of Qazlal.
  2945 | D:3      | Reached XP level 5. HP: 32/40 MP: 11/11
  3387 | D:3      | Found a runed translucent door.
  3388 | D:3      | Noticed Crazy Yiuf
  3397 | D:3      | Killed Crazy Yiuf
  3798 | D:3      | Found a burning altar of Makhleb.
  3798 | D:3      | Noticed a green death
  3860 | D:4      | Noticed an ogre
  3867 | D:4      | Killed an ogre
  3867 | D:4      | Reached skill level 5 in Conjurations
  3867 | D:4      | Reached XP level 6. HP: 15/48 MP: 8/13
  3998 | D:4      | Learned a level 4 spell: Iskenderun's Mystic Blast
  4703 | D:4      | Reached XP level 7. HP: 32/56 MP: 4/14
  5274 | D:5      | Entered Level 5 of the Dungeon
  5705 | D:5      | Reached skill level 5 in Dodging
  5705 | D:5      | Reached skill level 6 in Conjurations
  5806 | D:5      | You fall into a shaft and drop 2 floors!
  6365 | D:6      | Identified the +1 robe of Masochism {Str+5}
  6382 | D:6      | Reached XP level 8. HP: 50/63 MP: 16/16
  6504 | D:6      | Found an ancient bone altar of Kikubaaqudgha.
  6524 | D:6      | Reached skill level 1 in Long Blades
  6713 | D:6      | Noticed Menkaure
  6717 | D:6      | Killed Menkaure
  6816 | D:6      | Found a sacrificial altar of Ru.
  6855 | D:6      | Found Woasob's Distillery.
  6863 | D:6      | Bought a potion of heal wounds for 70 gold pieces
  6863 | D:6      | Bought a potion of heal wounds for 70 gold pieces
  6863 | D:6      | Bought a potion of degeneration for 14 gold pieces
  7157 | D:5      | Found Icilefuc's Gadget Shoppe.
  7198 | D:5      | Found a staircase to the Ecumenical Temple.
  7544 | D:5      | Found an iron altar of Okawaru.
  8176 | D:7      | Learned a level 4 spell: Fulminant Prism
  8532 | D:7      | Reached skill level 7 in Conjurations
  9003 | D:7      | Reached XP level 9. HP: 70/71 MP: 19/19
  9049 | D:7      | Found a shattered altar of Ashenzari.
  9713 | D:8      | Noticed a two-headed ogre
  9729 | D:8      | Killed a two-headed ogre
 10098 | D:9      | Reached skill level 8 in Conjurations
 10245 | D:9      | Found a shadowy altar of Dithmenos.
 10532 | D:9      | Found a staircase to the Lair.
 10723 | D:9      | Slain by an ogre

Illustrated notes

Levels and vault maps discovered:
D:1:      evilmike_arrival_plus, layout_basic
D:2:      layout_rooms, amethyst_overflow_temple_binary, minmay_pentomino_t2,
          uniq_natasha
D:3:      layout_loops_cross, makhleb_altar_promises_db, uniq_crazy_yiuf_cottage
D:4:      layout_rooms, patterned_corridor
D:5:      layout_basic, overflow_temple_1_default, temple_fountains,
          serial_shops, shop, minmay_puff
D:6:      layout_gridville, marbit_many_paths, old_standard_altar, serial_shops,
          shop_statue, uniq_menkaure
D:7:      layout_loops_ring, lemuel_crystal_altar,
          minmay_fractal_squares_gapless_5
D:8:      layout_basic, kennysheep_donut
D:9:      layout_layer_cave, fedhas_altar_2, grunt_dithmenos_shadows

Skill      XL: |  1  2  3  4  5  6  7  8  9 |
---------------+----------------------------+-----
Dodging        | 2 3 4 5 6 7 |  7.4
Spellcasting   | 2 3 4 |  4.8
Conjurations   | 4 5 6 7 8 |  8.0
Fighting       | 1 2 3 4 |  4.8
Long Blades    | 2 3 |  3.4
Stealth        | |  1.7

Action                   |  1- 3 |  4- 6 |  7- 9 || total
-------------------------+-------+-------+-------++-------
Melee: Dagger            |    50 |       |       ||    50
       Falchion          |    17 |    51 |       ||    68
       Quarterstaff      |       |    31 |       ||    31
       Spear             |       |     5 |    48 ||    53
       Great sword       |       |       |   132 ||   132
Throw: Dart              |       |       |    17 ||    17
 Cast: Magic Dart        |    38 |     6 |    15 ||    59
       Searing Ray       |     3 |    15 |    12 ||    30
  Use: Scroll            |     3 |     5 |    13 ||    21
 Stab: Sleeping          |     1 |     2 |     7 ||    10
       Distracted        |       |       |     1 ||     1
Armor: Robe              |    11 |    20 |    21 ||    52
       Leather armour    |       |       |    38 ||    38
Dodge: Dodged            |    54 |   108 |   196 ||   358
       Rpst.: Falchion   |    12 |    15 |       ||    27
       Great sword       |       |       |    41 ||    41

Table legend: (Time is in decaauts)
 A = Elapsed time spent in this place.
 B = Non-inter-level travel time spent in this place.
 C = Inter-level travel time spent in this place.
 D = Time resting spent in this place.
 E = Time spent auto-exploring this place.
 F = Levels seen in this place.
 G = Mean time per level.
                   A        B        C        D        E       F      G
               +--------+--------+--------+--------+--------+-----+--------+
         Total |  10832 |  10638 |    194 |    852 |   8361 |   9 | 1203.6 |
       Dungeon |  10832 |  10638 |    194 |    852 |   8361 |   9 | 1203.6 |
               +--------+--------+--------+--------+--------+-----+--------+

Top non-repeatable levels by time:
     D:1: 1714 daAuts
     D:6: 1530 daAuts
     D:4: 1426 daAuts
     D:3: 1399 daAuts
     D:5: 1372 daAuts
     D:7: 1002 daAuts
     D:8: 920 daAuts
     D:2: 773 daAuts
     D:9: 693 daAuts
